 Dungeon Crawl Stone Soup version 0.30-a0-263-ge22c4ad894 (webtiles) character file.

Game seed: 11511647075814724032

31 blackman the Sneak (level 3, -8/29 HPs)
             Began as a Human Delver on Oct 13, 2022.
             Splashed by a jelly's acid (10 damage)
             ... on level 5 of the Dungeon.
             The game lasted 00:01:51 (195 turns).

blackman the Sneak (Human Delver)                    Turns: 195, Time: 00:01:51

Health: -8/29      AC:  4    Str: 12    XL:     3   Next: 40%
Magic:  3/3        EV: 12    Int: 10    God:
Gold:   37         SH:  0    Dex: 16    Spells: 2/2 levels left

rFire   . . .      SeeInvis .    a - +0 falchion
rCold   . . .      Faith    .    (no shield)
rNeg    . . .      Spirit   .    b - +0 leather armour
rPois   .          Reflect  .    (no helmet)
rElec   .          Harm     .    (no cloak)
rCorr   .          Rampage  .    (no gloves)
Will    .....                    d - +0 pair of boots
Stlth   +++.......               (no amulet)
HPRegen 0.24/turn                (no ring)
MPRegen 0.08/turn                (no ring)

@: marked
A: no striking features
a: no special abilities


You were on level 5 of the Dungeon.
You visited 1 branch of the dungeon, and saw 1 of its levels.

You collected 37 gold pieces.

Inventory:

Hand Weapons
 a - a +0 falchion (weapon)
Armour
 b - a +0 leather armour (worn)
 d - a +0 pair of boots (worn)
Wands
 g - a wand of digging (3)
Scrolls
 c - a scroll of fog


   Skills:
 - Level 3.0 Fighting
 + Level 3.6 Long Blades
 - Level 2.0 Dodging
 - Level 5.0 Stealth


You had 2 spell levels left.
You didn't know any spells.
Your spell library was empty.

Dungeon Overview and Level Annotations

Branches:
Dungeon (5/15)
 Temple: D:4-7

Altars:
Kikubaaqudgha


Message History

You closely miss the hound.
The hound is moderately wounded.
The hound closely misses you. The hound misses you.
You hit the hound.
The hound is severely wounded.
The hound bites you but does no damage.
You hit the hound.
The hound is almost dead.
The hound barely misses you.
You barely miss the hound.
The hound is almost dead.
The hound bites you.
You closely miss the hound.
The hound is almost dead.
You feel yourself slow down. The hound closely misses you.
You barely miss the hound.
The hound is almost dead.
The hound bites you. The hound completely misses you.
You hit the hound.
You kill the hound!
The jelly hits you.
You are splashed with acid!
* * * LOW HITPOINT WARNING * * *
Your Long Blades skill increases to level 3!
You have reached level 2!
You have reached level 3!
Your experience leads to an increase in your attributes!
Increase (S)trength, (I)ntelligence, or (D)exterity?
You feel agile. x2
Unknown command.
You see here a hound corpse.
An orc comes into view. It is wielding a +0 hand axe.
The orc closely misses you.
An orc comes into view. It is wielding a +0 club.
You slash the orc!
You kill the orc!
The jelly hits you.
* * * LOW HITPOINT WARNING * * *
You are splashed with acid!
You die...

,*,,,,,,,,*,#...# *,#..,..#,,,,
..#...,.....#.#.# *,#..##.#####
#..P.P,#....#...# *,#..........
*#.P..##.._.#.#.# *,#...#.####.
#.....#....#.#.# *,#...#.# #.
#.#P!......#.#.# #.#...#J####.
#.....P.)#,#.#s# #.#...#....#.
*#..P..P.###.#J#####.#...####.#.
*#.#........#.@)....#......<...
#...############o.............
###.##########................
#.....J..s....#..........###
**############.##..........# #
*,,,,,,....................# #
*,*****#######>...s........# #
*,* *,,,,,,,#.#...........# #
*,* *,*****,#.............# #


You could see a scorpion, a jelly and an orc.

Vanquished Creatures
  A hound (D:5)
  An orc (D:5)
2 creatures vanquished.

Vanquished Creatures (others)
  A withered plant (D:5)
1 creature vanquished.

Grand Total: 3 creatures vanquished

Notes
Turn   | Place    | Note
-------+----------+-------------------------------------------
     0 | D:5      | blackman the Human Delver began the quest for the Orb.
     0 | D:5      | Reached XP level 1. HP: 18/18 MP: 1/1
    91 | D:5      | Noticed an orc wizard
   115 | D:5      | Noticed a scorpion
   121 | D:5      | Noticed a jelly
   163 | D:5      | Found an ancient bone altar of Kikubaaqudgha.
   177 | D:5      | Noticed a hound
   191 | D:5      | Killed a hound
   192 | D:5      | Reached XP level 2. HP: 3/24 MP: 2/2
   192 | D:5      | Reached XP level 3. HP: 3/29 MP: 3/3
   195 | D:5      | Splashed by a jelly's acid

Illustrated notes

Levels and vault maps discovered:
D:5:      layout_basic, kiku_gazebo_garden_becter

Skill      XL: |  1 |
---------------+----+-----
Long Blades    | 3 |  3.6
Fighting       | |  3.0
Dodging        | |  2.0
Stealth        | |  5.0

Action                   || total
-------------------------++-------
Melee: Falchion          ||    13
  Use: Scroll            ||     2
       Potion            ||     1
Armor: Leather armour    ||     3
Dodge: Dodged            ||    12

Table legend: (Time is in decaauts)
 A = Elapsed time spent in this place.
 B = Non-inter-level travel time spent in this place.
 C = Inter-level travel time spent in this place.
 D = Time resting spent in this place.
 E = Time spent auto-exploring this place.
 F = Levels seen in this place.
 G = Mean time per level.
                   A        B        C        D        E       F      G
               +--------+--------+--------+--------+--------+-----+--------+
         Total |    182 |    182 |      0 |      0 |      0 |   1 |  182.0 |
       Dungeon |    182 |    182 |      0 |      0 |      0 |   1 |  182.0 |
               +--------+--------+--------+--------+--------+-----+--------+

Top non-repeatable levels by time:
     D:5: 182 daAuts
